 Dungeon Crawl Stone Soup version 0.22.1-1-ga44c0e56f4 (webtiles) character file.

935 Jynx the Changer (level 8, -2/48 HPs)
             Began as an Octopode Transmuter on Nov 3, 2018.
             Was a Follower of Ashenzari.
             Slain by a sky beast (6 damage)
             ... on level 4 of the Dungeon.
             The game lasted 00:13:24 (5566 turns).

Jynx the Changer (Octopode Transmuter)              Turns: 5566, Time: 00:13:24

Health: -2/48      AC:  1    Str:  9    XL:     8   Next: 11%
Magic:  9/14       EV: 15    Int: 16    God:    Ashenzari [*.....]
Gold:   162        SH:  0    Dex: 14    Spells: 4/15 levels left

rFire    . . .     SeeInvis .     - Unarmed
rCold    . . .     Gourm    +   (shield currently unavailable)
rNeg     . . .     Faith    .   (helmet restricted)
rPois    .         Spirit   .   o - amulet of the gourmand
rElec    .         Reflect  .   (no ring)
rCorr    .         Harm     .   (no ring)
MR       .....                  (no ring)
Stlth    ++........             (no ring)
HPRegen  0.16/turn              (no ring)
MPRegen  0.14/turn              (no ring)
                                (no ring)
                                (no ring)

@: blade tentacles, hasted, very quick
A: almost no armour, stealthy swim, amphibious, 8 rings, constrict 8, camouflage
1, gelatinous body 1
a: End Transformation, Curse Item, Scrying, Renounce Religion


You were on level 4 of the Dungeon.
You worshipped Ashenzari.
Ashenzari was aware of your devotion.
You were very full.
You had blades for tentacles.
You visited 1 branch of the dungeon, and saw 5 of its levels.
You also visited: Sewer.

You collected 162 gold pieces.

Inventory:

Missiles
 a - 80 arrows
Jewellery
 o - an amulet of the gourmand (around mantle)
Scrolls
 d - 2 scrolls of amnesia
 h - 2 scrolls of identify
 j - 2 scrolls of teleportation {unknown}
 k - 3 scrolls of enchant weapon {unknown}
 m - a scroll of fear {unknown}
 p - 2 scrolls of remove curse
 r - a scroll of enchant armour {unknown}
 s - a scroll of immolation {unknown}
Potions
 b - a potion of curing {unknown}
 e - a potion of haste
 f - 2 potions of flight
 g - a potion of resistance {unknown}
 l - 2 potions of might {unknown}
 n - a potion of degeneration {unknown}
 q - a potion of agility {unknown}
Comestibles
 c - 6 rations
 i - 6 chunks of flesh


   Skills:
 - Level 1.0 Fighting
 + Level 4.8 Dodging
 - Level 3.0 Unarmed Combat
 + Level 4.4 Spellcasting
 * Level 6.7 Transmutations


You had 4 spell levels left.
You knew the following spells:

 Your Spells              Type           Power        Failure   Level  Hunger
a - Beastly Appendage     Tmut           ####..       16%         1    None
b - Sticks to Snakes      Tmut           ####....     19%         2    ##.....
c - Spider Form           Tmut/Pois      ##........   50%         3    ###....
d - Blade Hands           Tmut           ####......   71%         5    ######.

Your spell library contained the following spells:

 Spells                   Type           Power        Failure   Level  Hunger
 Ice Form                 Ice/Tmut       ##......     80%         4    ####...


Dungeon Overview and Level Annotations

Branches:
Dungeon (5/15)
 Temple: D:4-7

Altars:
Ashenzari
Ru

Annotations:
D:4 2 transporters, matti1234's ghost, novice OpWr


Innate Abilities, Weirdness & Mutations

You cannot wear most types of armour.
You are very stealthy in the water. (Stealth+)
You are amphibious.
You can wear up to eight rings at the same time.
You can use your tentacles to constrict eight enemies at once.
Your skin changes colour to match your surroundings (Stealth+).
Your rubbery body absorbs attacks. (AC +1, EV +1)


Message History

You constrict the worker ant.
The sky beast flickers out of sight!
Deactivating autopickup; reactivate with Ctrl-A.
Something hits you. Something shocks you. The worker ant completely misses you.
You slash the worker ant!
The worker ant is almost dead.
You constrict the worker ant, but do no damage.
Something hits you. Something shocks you. The worker ant closely misses you.
You are too injured to fight recklessly!
You are too injured to fight recklessly!
You slash the worker ant!
You kill the worker ant!
Something hits you.
* * * LOW HITPOINT WARNING * * *
Something shocks you.
* * * LOW HITPOINT WARNING * * *
You feel yourself speed up. Something barely misses you.
You closely miss something. Something hits you.
* * * LOW HITPOINT WARNING * * *
Something shocks you.
You die...

#.##....####...# #...........[..
............#.######...>........#
#.##..#.##.......##..............
.<##........>....##..............
.#......##..#....##..............
.#^..[..###...###................
.#......####...##................
.#.............)................#
...#.#####.....(@...#............
#....# #..##..[.{#.#..####...###
...#.####..####.#.#.#.## #...#
...........####.....#.# #...#
.##...........###.....#####)..#
............#...............#.#
#..##.#####.######............###
......## #......................
.......########..................


There were no monsters in sight!

Vanquished Creatures
  2 ogres (D:4)
  2 scorpions (D:4)
  2 howler monkeys
  4 orc priests
  2 hounds (D:4)
  A centaur skeleton (D:4)
  An iguana (D:2)
  4 worker ants
  A killer bee zombie (D:5)
  A hound skeleton (D:4)
  A howler monkey skeleton (D:4)
  8 adders
  A river rat (Sewer)
  An adder skeleton (D:4)
  4 worms
  2 dart slugs
  2 leopard geckos
  15 orcs
  12 bats
  3 giant cockroaches
  7 goblins (D:1)
  7 hobgoblins
  12 jackals
  2 ball pythons
  10 frilled lizards
  9 kobolds
  18 rats
134 creatures vanquished.

Vanquished Creatures (others)
  A plant (D:1)
1 creature vanquished.

Grand Total: 135 creatures vanquished

Notes
Turn   | Place    | Note
-------+----------+-------------------------------------------
     0 | D:1      | Jynx the Octopode Transmuter began the quest for the Orb.
     0 | D:1      | Reached XP level 1. HP: 13/13 MP: 3/3
    86 | D:1      | Reached XP level 2. HP: 17/18 MP: 3/5
   326 | D:1      | Reached XP level 3. HP: 13/23 MP: 4/6
   634 | D:1      | Reached skill level 3 in Transmutations
   983 | D:1      | Learned a level 2 spell: Sticks to Snakes
   987 | D:1      | Learned a level 3 spell: Spider Form
  1139 | D:2      | Reached XP level 4. HP: 26/28 MP: 0/7
  1254 | D:1      | HP: 1/28 [hobgoblin (5)]
  1651 | D:2      | Found a shattered altar of Ashenzari.
  1665 | D:2      | Became a worshipper of Ashenzari the Shackled
  1803 | D:2      | Found a sacrificial altar of Ru.
  2280 | D:3      | Reached XP level 5. HP: 29/33 MP: 7/9
  2694 | D:3      | Reached skill level 4 in Transmutations
  2946 | D:3      | Found a faded altar of an unknown god.
  3338 | D:4      | Noticed an orc warrior
  3340 | D:4      | Noticed matti1234's ghost (novice OpWr)
  3340 | D:4      | Noticed an ogre
  3341 | D:4      | Found a transporter.
  3346 | D:4      | Reached * piety under Ashenzari
  3352 | D:4      | Reached XP level 6. HP: 24/38 MP: 8/10
  3477 | D:4      | Learned a level 5 spell: Blade Hands
  3539 | D:4      | Reached skill level 5 in Transmutations
  3568 | D:4      | Reached XP level 7. HP: 33/43 MP: 5/12
  3637 | D:4      | Found a glowing drain.
  3667 | Sewer    | Entered a sewer
  4445 | D:4      | Found a transporter.
  4583 | D:4      | Reached skill level 6 in Transmutations
  4705 | D:5      | Entered Level 5 of the Dungeon
  5163 | D:5      | Reached XP level 8. HP: 25/48 MP: 8/14
  5566 | D:4      | Slain by a sky beast

Skill      XL: |  1  2  3  4  5  6  7 |
---------------+----------------------+-----
Transmutations | 3 4 5 6 |  6.7
Dodging        | 3 4 |  4.8
Spellcasting   | 3 4 |  4.4
Fighting       | |  1.0
Unarmed Combat | |  3.0

Action                   |  1- 3 |  4- 6 |  7- 9 || total
-------------------------+-------+-------+-------++-------
Melee: Unarmed           |    88 |   142 |   117 ||   347
       Constrict         |    26 |    25 |    20 ||    71
       Kick              |    11 |    18 |    10 ||    39
       Tentacles         |    10 |    15 |    10 ||    35
       Punch             |     3 |     2 |       ||     5
 Cast: Beastly Appendage |    15 |    19 |     9 ||    43
       Spider Form       |     1 |     4 |     8 ||    13
       Blade Hands       |       |     3 |     4 ||     7
  Use: Scroll            |     1 |     2 |       ||     3
       Potion            |       |       |     2 ||     2
 Stab: Sleeping          |     3 |     7 |     2 ||    12
  Eat: Chunk             |       |    23 |     8 ||    31
Armor: Skin              |     7 |    10 |     7 ||    24
Dodge: Dodged            |    57 |    82 |   119 ||   258
